 Dungeon Crawl Stone Soup version 0.30-a0-557-ge2afbf3030 (webtiles) character file.

Game seed: 18370612848989122009

19744 Newt the Cleaver (level 12, 0/87 HPs)
             Began as a Demonspawn Gladiator on Dec 27, 2022.
             Was an Elder of Hepliaklqana.
             Splashed with acid (11 damage)
             ... in an ice cave.
             The game lasted 00:14:47 (12133 turns).

Newt the Cleaver (Demonspawn Gladiator)            Turns: 12133, Time: 00:14:47

Health: 0/87       AC: 14    Str: 18    XL:     12   Next: 39%
Magic:  5/5        EV: 12    Int: 12    God:    Hepliaklqana [****..]
Gold:   723        SH:  5    Dex: 16    Spells: 11/11 levels left

rFire   + . .      SeeInvis +    z - +7 war axe "Acsuq" {antimagic, rPois rF+ Int+2 Stlth+}
rCold   . . .      Faith    .    (no shield)
rNeg    + . .      Spirit   .    U - +0 troll leather armour
rPois   +          Reflect  +    W - +2 hat
rElec   .          Harm     .    t - +1 cloak
rCorr   .          Rampage  .    (no gloves)
Will    .....                    H - +0 pair of boots
Stlth   +++                      l - amulet of reflection
HPRegen 1.14/turn                r - ring of flight
MPRegen 0.09/turn                T - ring of Xuanlien {rN+ SInv}

@: flying, studying Armour
A: reduced essence, claws 2, thin metallic scales 2, demonic guardian 2, spiny 2
a: Renounce Religion, Recall Ancestor, Ancestor Identity, Transference, Idealise


You were in an ice cave.
You worshipped Hepliaklqana.
Hepliaklqana was greatly pleased with you.
You visited 1 branch of the dungeon, and saw 11 of its levels.
You also visited: Bailey and Ice Cave.

You collected 750 gold pieces.
You spent 27 gold pieces at shops.

Inventory:

Hand Weapons
 a - a +1 rapier
 g - the +6 rapier of Ratuuc {spect, *Rage *Slow rC+++ SInv}
   (You acquired it on level 2 of the Dungeon)

   When its wielder attacks, the weapon's spirit leaps out and strikes again.
   The spirit shares a part of any damage it takes with its wielder.
   rC:        It renders you almost immune to cold.
   SInv:      It lets you see invisible.
   *Rage:     It berserks you when you make melee attacks (+20% chance).
   *Slow:     It may slow you when you take damage.
 z - the +7 war axe "Acsuq" (weapon) {antimagic, rPois rF+ Int+2 Stlth+}
   (You found it on level 4 of the Dungeon)

   It reduces the magical energy of the wielder, and disrupts the spells and
   magical abilities of those it strikes.
   Natural abilities and divine invocations are not affected.
   Int:       It affects your intelligence (+2).
   rF:        It protects you from fire.
   rPois:     It protects you from poison.
   Stlth:     It makes you more stealthy.
 C - a +3 trident
 Q - the +1 trident of Okawaru, Supporting {speed, Will+ rCorr Int+4}
   (You found it on level 6 of the Dungeon)

   Attacks with this weapon are significantly faster.
   Int:       It affects your intelligence (+4).
   rCorr:     It protects you from acid and corrosion.
   Will:      It increases your willpower.
 Y - a +7 demon whip of venom
Missiles
 d - 4 throwing nets (quivered)
 e - 25 javelins
 O - 10 poisoned darts
 S - 14 boomerangs
Armour
 b - a +0 leather armour
 c - a +0 helmet
 t - a +1 cloak (worn)
 H - a +0 pair of boots (worn)
 L - +0 acid dragon scales
 U - a +0 troll leather armour (worn)
 W - a +2 hat (worn)
Jewellery
 j - a ring of magical power
 k - a ring of protection from fire
 l - an amulet of reflection (around neck)
 p - an amulet of magic regeneration
 r - a ring of flight (left claw)
 v - a ring of see invisible
 J - a +6 ring of intelligence
 T - the ring of Xuanlien (right claw) {rN+ SInv}
   (You found it on level 8 of the Dungeon)

   [ring of see invisible]

   rN:        It protects you from negative energy.
   SInv:      It lets you see invisible.
 V - a ring of fire
Wands
 x - a wand of charming (13)
 F - a wand of digging (13)
Scrolls
 m - a scroll of poison
 o - 3 scrolls of teleportation
 y - 4 scrolls of blinking
 A - a scroll of amnesia
 M - 3 scrolls of fog
 R - a scroll of vulnerability
 X - a scroll of fear
Potions
 f - 4 potions of cancellation
 h - 6 potions of curing
 i - a potion of resistance
 n - 3 potions of brilliance
 q - 3 potions of heal wounds
 s - 2 potions of berserk rage
 u - 2 potions of attraction
 w - a potion of ambrosia
 D - 2 potions of magic
 E - 2 potions of degeneration {unknown}
 G - 3 potions of lignification {unknown}
 K - 2 potions of might
 N - a potion of flight {unknown}
Miscellaneous
 B - a condenser vane


   Skills:
 - Level 10.0 Fighting
 - Level 4.7 Short Blades
 - Level 10.0 Axes
 - Level 6.0 Throwing
 - Level 10.0 Armour
 - Level 2.6 Dodging
 - Level 3.0 Stealth
 - Level 6.0 Invocations
 + Level 7.7 Evocations


You had 11 spell levels left.
You didn't know any spells.
Your spell library contained the following spells:

 Spells                   Type           Power      Damage    Failure   Level
 Kiss of Death            Conj/Necr      0%         2d5       36%         1
 Confusing Touch          Hex            0%         N/A       75%         3
 Dispel Undead            Necr           0%         3d6       98%         4


Dungeon Overview and Level Annotations

Branches:
Dungeon (11/15)            Temple (0/1) D:4            Lair (0/5) D:8
    Orc (0/2) D:9          Bailey (visited)           IceCv (1/1)

Altars:
Ashenzari
Cheibriados
Dithmenos
Fedhas
Hepliaklqana
Kikubaaqudgha
Okawaru
Qazlal
Ru
Sif Muna
Xom
Yredelemnul

Shops:
D:2 (   D:3 *


Innate Abilities, Weirdness & Mutations

Your life essence is reduced to manifest your ancestor. (-10% HP)
You have very sharp fingernails.
You are mostly covered in thin metallic scales. (AC +3)
A demonic guardian rushes to your aid.
You are mostly covered in sharp spines.


Message History

The shapeshifter simulacrum appears confused.
A slime creature simulacrum comes into view.
Vusi is engulfed in freezing vapours.
The shapeshifter simulacrum closely misses you.
Vusi gestures at the shapeshifter simulacrum while chanting.
The shapeshifter simulacrum resists with significant effort.
You slash the shapeshifter simulacrum!
The shapeshifter simulacrum is heavily damaged.
Vusi points at the shapeshifter simulacrum and mumbles some strange words.
The shapeshifter simulacrum appears confused.
You catch the helpless shapeshifter simulacrum completely off-guard!
You slash the shapeshifter simulacrum!
The shapeshifter simulacrum is almost destroyed.
You strike the helpless shapeshifter simulacrum from behind!
You slash the shapeshifter simulacrum!
The shapeshifter simulacrum vaporises!
You are splashed with acid!
The walls melt the slime creature simulacrum!
Vusi points at the slime creature simulacrum and mumbles some strange words.
The slime creature simulacrum appears confused.
You're standing next to a slime covered wall!
You are splashed with acid!!
A demonic guardian appears!
The walls melt the slime creature simulacrum!
You block the slime creature simulacrum's attack.
You are too injured to fight recklessly!
You are too injured to fight recklessly!
You are too injured to fight recklessly!
Unknown command.
You slash the slime creature simulacrum!
The slime creature simulacrum is severely damaged.
You are splashed with acid!!
* * * LOW HITPOINT WARNING * * *
The walls burn your orange demon!
Your orange demon stings the slime creature simulacrum!
The slime creature simulacrum vaporises!
A slime creature comes into view.
A shapeshifter simulacrum comes into view.
The walls burn Vusi!
You are splashed with acid!
You die...

### ..## Z..#### ..... J4.
#☼# . ########.## ..
###......R@.# ##. ##
##...........# ###.. ###.
#......###.....# #....###...
#.....######...............#
#.........)###....####....##
##.....##$)..########....##.
##.....##.....##......###..
####...####.......####....
##....####...###.....##


You could see the friendly Vusi the hexer, a slime creature (ally target) and a
friendly orange demon (summoned).

Vanquished Creatures
  Erica (D:8)
  Amaemon (D:10)
  An elephant (D:8)
  A gargoyle (D:10)
  An unseen horror (D:11)
  Maggie (D:6)
  Prince Ribbit (D:8)
  A slime creature (IceCv)
  Sigmund (D:5)
  A wraith (D:10)
  2 wyverns (D:9)
  2 basilisks (D:8)
  16 yaks
  3 vampire mosquitoes (D:11)
  4 steam dragons
  An acid dragon (D:10)
  A water moccasin (D:7)
  A black bear (D:5)
  2 great orb of eyes simulacra (IceCv)
  18 orc warriors
  An ice beast (D:6)
  11 centaurs
  3 ogres
  A phantom (D:6)
  A slime creature simulacrum (IceCv)
  3 bullfrogs
  Blork the orc (D:5)
  A kobold brigand (D:9)
  A gnoll sergeant (D:10)
  2 necrophages
  4 scorpions
  3 glowing shapeshifter simulacra (IceCv)
  6 killer bees (D:8)
  2 howler monkeys
  4 hounds
  3 jellies (D:7)
  Crazy Yiuf (D:2)
  2 gnoll boudas
  7 orc priests
  Jessica (D:3)
  12 orc wizards
  3 iguanas
  2 shapeshifter simulacra (IceCv)
  24 gnolls
  A gnoll zombie (D:4)
  9 adders
  A naga simulacrum (D:11)
  An orc zombie (D:4)
  3 shadow imps
  A white imp (D:6)
  3 ufetubi
  A worm (D:3)
  2 dart slugs
  82 orcs
  8 endoplasms
  3 giant cockroaches
  5 goblins
  5 hobgoblins
  2 jackals (D:2)
  7 kobolds
  4 quokkas
  6 ball pythons
  19 bats
  4 frilled lizards
  4 rats
330 creatures vanquished.

Vanquished Creatures (collateral kills)
  Gastronok (D:9)
  A quicksilver ooze (IceCv)
  A manticore (D:11)
  An orange demon (D:10)
  Joseph (D:8)
  An ice statue (IceCv)
  A komodo dragon (D:10)
  A troll (D:9)
  5 slime creatures
  A wraith (D:10)
  Eustachio (D:5)
  A wyvern (D:8)
  5 yaks
  4 orc warriors
  A centaur (Bailey)
  2 slime creature simulacra (IceCv)
  A scorpion (D:6)
  3 orc priests (D:9)
  2 jellies (D:7)
  An orc wizard (D:6)
  2 shapeshifter simulacra (IceCv)
  A gnoll (D:1)
  A naga simulacrum (D:11)
  19 orcs
  A bat (D:8)
  8 endoplasms (D:7)
  A goblin (D:8)
  A kobold (D:2)
69 creatures vanquished.

Vanquished Creatures (others)
  2 hexers
  An ancestor (D:5)
  15 fungi
18 creatures vanquished.

Grand Total: 417 creatures vanquished

Notes
Turn   | Place    | Note
-------+----------+-------------------------------------------
     0 | D:1      | Newt the Demonspawn Gladiator began the quest for the Orb.
     0 | D:1      | Reached XP level 1. HP: 16/16 MP: 1/1
   115 | D:1      | Reached skill level 1 in Stealth
   250 | D:1      | Gained mutation: You have sharp fingernails. [demonic
                  | ancestry]
   250 | D:1      | Reached XP level 2. HP: 22/22 MP: 2/2
   352 | D:1      | Gained mutation: A weak demonic guardian rushes to your
                  | aid. [demonic ancestry]
   352 | D:1      | Reached XP level 3. HP: 6/27 MP: 3/3
   904 | D:2      | Identified a scroll of acquirement
   904 | D:2      | Acquired the +6 rapier of Ratuuc {spect, *Rage *Slow rC+++
                  | SInv}
  1046 | D:1      | HP: 1/42 [gnoll/+0 whip (6)]
  1051 | D:1      | Gained mutation: You are partially covered in sharp spines.
                  | [demonic ancestry]
  1051 | D:1      | Reached XP level 4. HP: 3/34 MP: 4/4
  1505 | D:2      | Found Laph's Antique Weapon Emporium.
  1523 | D:2      | Reached XP level 5. HP: 42/42 MP: 5/5
  1802 | D:2      | Found a runed translucent door.
  1803 | D:2      | Noticed Crazy Yiuf
  1809 | D:2      | Killed Crazy Yiuf
  2399 | D:3      | Found Ofon Yboaxe's Assorted Antiques.
  2426 | D:3      | Bought a scroll labelled FALINA AHITOED for 27 gold pieces
  2458 | D:3      | Found a stormy altar of Qazlal.
  2750 | D:3      | Noticed Jessica
  2754 | D:3      | Found a hazy altar of Hepliaklqana.
  2755 | D:3      | Killed Jessica
  2756 | D:3      | Gained mutation: You are mostly covered in sharp spines.
                  | [demonic ancestry]
  2756 | D:3      | Reached XP level 6. HP: 36/48 MP: 6/6
  2756 | D:3      | Found a faded altar of an unknown god.
  2764 | D:3      | Became a worshipper of Hepliaklqana the Forgotten
  3070 | D:4      | Identified the +7 war axe "Acsuq" {antimagic, rPois rF+
                  | Int+2 Stlth+}
  3108 | D:4      | Reached skill level 1 in Axes
  3532 | D:4      | Found a transporter.
  3609 | D:4      | Found a transporter.
  3942 | D:4      | Found a staircase to the Ecumenical Temple.
  4144 | D:5      | Entered Level 5 of the Dungeon
  4222 | D:5      | Noticed Eustachio
  4224 | D:5      | Gained mutation: You are partially covered in thin metallic
                  | scales. (AC +2) [demonic ancestry]
  4224 | D:5      | Reached XP level 7. HP: 43/54 MP: 2/7
  4237 | D:5      | Killed Eustachio
  4502 | D:5      | Found a snail-covered altar of Cheibriados.
  4527 | D:5      | Identified the +0 robe "Qocloalu" {Will+ rCorr}
  4562 | D:5      | Reached skill level 5 in Axes
  4653 | D:5      | Noticed Blork the orc
  4663 | D:5      | Killed Blork the orc
  4867 | D:5      | Reached * piety under Hepliaklqana
  4916 | D:5      | Noticed Sigmund
  4924 | D:5      | Killed Sigmund
  4925 | D:5      | Gained mutation: You are mostly covered in thin metallic
                  | scales. (AC +3) [demonic ancestry]
  4925 | D:5      | Reached XP level 8. HP: 54/54 MP: 2/8
  5006 | D:5      | Found a broken altar of Ashenzari.
  5006 | D:5      | Found an ancient bone altar of Kikubaaqudgha.
  5663 | D:6      | Noticed Maggie
  5676 | D:6      | Killed Maggie
  5677 | D:6      | Reached skill level 5 in Fighting
  6075 | D:6      | Gained mutation: You have very sharp fingernails. [demonic
                  | ancestry]
  6075 | D:6      | Reached XP level 9. HP: 59/62 MP: 3/9
  6199 | D:6      | Reached skill level 1 in Armour
  6470 | D:6      | Identified the +1 trident of Okawaru, Supporting {speed,
                  | Will+ rCorr Int+4}
  6666 | D:7      | Reached ** piety under Hepliaklqana
  6667 | D:7      | Remembered your ancestor Vusi as a hexer
  6900 | D:7      | Found a shadowy altar of Dithmenos.
  6929 | D:7      | Found a sacrificial altar of Ru.
  7297 | D:7      | Reached skill level 5 in Armour
  7849 | D:8      | Noticed Erica
  7857 | D:8      | Killed Erica
  7858 | D:8      | Reached skill level 5 in Throwing
  7866 | D:8      | Found a flagged portal.
  7874 | Bailey   | Entered a bailey
  7986 | Bailey   | Reached XP level 10. HP: 68/68 MP: 3/10
  8086 | Bailey   | Reached skill level 1 in Evocations
  8539 | Bailey   | Reached skill level 5 in Evocations
  8909 | D:8      | Identified the ring of Xuanlien {rN+ SInv}
  8948 | D:8      | Reached *** piety under Hepliaklqana
  9048 | D:8      | Found a staircase to the Lair.
  9048 | D:8      | Noticed an elephant
  9058 | D:8      | Killed an elephant
  9097 | D:8      | Found a basalt altar of Yredelemnul.
  9122 | D:8      | Found an iron altar of Okawaru.
  9176 | D:8      | Found a blossoming altar of Fedhas.
  9197 | D:8      | Reached skill level 10 in Axes
  9288 | D:8      | Noticed Joseph
  9295 | D:8      | Killed Joseph
  9386 | D:8      | Noticed Prince Ribbit
  9396 | D:8      | Killed Prince Ribbit
  9397 | D:8      | Reached XP level 11. HP: 49/72 MP: 3/11
  9680 | D:8      | Found a shimmering altar of Xom.
  9722 | D:8      | Found a shimmering blue altar of Sif Muna.
  9964 | D:9      | Reached skill level 10 in Armour
 10331 | D:9      | Noticed Gastronok
 10345 | D:9      | Killed Gastronok
 10479 | D:9      | Found a staircase to the Orcish Mines.
 10497 | D:10     | Entered Level 10 of the Dungeon
 10497 | D:10     | Reached **** piety under Hepliaklqana
 11013 | D:10     | Noticed Amaemon
 11025 | D:10     | Killed Amaemon
 11196 | D:10     | Gained mutation: A demonic guardian rushes to your aid.
                  | [demonic ancestry]
 11196 | D:10     | Reached XP level 12. HP: 79/85 MP: 5/16
 11549 | D:11     | Found a frozen archway.
 11563 | D:11     | Reached skill level 10 in Fighting
 11563 | D:11     | Found a blossoming altar of Fedhas.
 11587 | IceCv    | Entered an ice cave
 11765 | IceCv    | Noticed a quicksilver ooze
 11774 | IceCv    | Killed a quicksilver ooze
 12133 | IceCv    | Splashed with acid

Illustrated notes

Levels and vault maps discovered:
D:1:      roderic_dead_forest, layout_loops_ring, minmay_hexomino_u4
D:2:      layout_rooms, serial_shops, nicolae_shop_hallway_plus,
          uniq_crazy_yiuf_cottage
D:3:      layout_basic, beargit_hepliaklqana_dungeon_heroes,
          nicolae_qazlal_eye_of_the_storm, serial_shops, shop_fountains
D:4:      gammafunk_cloud_chamber, layout_basic, zin_statuary,
          minmay_temple_entry_overgrown
D:5:      layout_basic, mainiacjoe_overflow_tiny_flanked,
          gammafunk_temple_overflow_statue, uniq_blork_the_orc, uniq_eustachio,
          uniq_sigmund
D:6:      hellmonk_destroyed_diamonds, layout_loops_ring, minmay_misc_feat_chi,
          dreamdust_princess_bridge, uniq_maggie
D:7:      lemuel_slime, layout_gridville, nicolae_ru_great_annihilating_truth,
          lemuel_tele_altar
D:8:      old_forge, layout_basic, general_overflow_altar,
          lemuel_blue_sif_altar, lemuel_round_altar,
          mainiacjoe_overflow_alcove_2, old_standard_altar, david_lair_generic,
          enter_bailey_4, uniq_erica, uniq_prince_ribbit1, uniq_joseph
D:9:      layout_roguey [special_room_orc], david_orc_5, minmay_variable_closet,
          uniq_gastronok
D:10:     layout_roguey, uniq_amaemon
D:11:     layout_rooms, serial_shops, nicolae_shop_hallway_plus,
          portal_ice_cave_entry_ice_simulacra, fedhas_altar_2, uniq_erolcha,
          uniq_fannar
IceCv:    ice_cave_hellmonk_azure_passage

Skill      XL: |  1  2  3  4  5  6  7  8  9 10 11 12 |
---------------+-------------------------------------+-----
Stealth        | 1 2 3 |  3.0
Fighting       | 4 6 9 10 | 10.0
Short Blades   | 4 |  4.7
Axes           | 3 6 8 10 | 10.0
Armour         | 5 6 10 | 10.0
Throwing       | 5 6 |  6.0
Evocations     | 5 7 |  7.7
Invocations    | 6 |  6.0
Dodging        | |  2.6

Action                   |  1- 3 |  4- 6 |  7- 9 | 10-12 || total
-------------------------+-------+-------+-------+-------++-------
Melee: Rapier            |    80 |    58 |       |       ||   138
       Punch             |     1 |       |       |     5 ||     6
       War axe           |       |    35 |   179 |   364 ||   578
Throw: Javelin           |     1 |       |       |       ||     1
       Dart              |       |       |       |     1 ||     1
Invok: Ancestor Life: He |       |       |     1 |       ||     1
  Use: Scroll            |     4 |     9 |     5 |    12 ||    30
       Potion            |       |     3 |     1 |     2 ||     6
 Stab: Sleeping          |     1 |     6 |    11 |     2 ||    20
       Distracted        |       |     1 |       |     5 ||     6
       Confused          |       |       |     2 |    11 ||    13
       Paralysed         |       |       |     1 |       ||     1
Armor: Leather armour    |    33 |    17 |    20 |       ||    70
       Acid dragon scale |       |       |    21 |    73 ||    94
       Troll leather arm |       |       |       |    61 ||    61
Dodge: Dodged            |    66 |    32 |    91 |   214 ||   403
Block: Other             |       |    15 |    33 |    78 ||   126
       Reflection        |       |       |       |     1 ||     1

Table legend: (Time is in decaauts)
 A = Elapsed time spent in this place.
 B = Non-inter-level travel time spent in this place.
 C = Inter-level travel time spent in this place.
 D = Time resting spent in this place.
 E = Time spent auto-exploring this place.
 F = Levels seen in this place.
 G = Mean time per level.
                   A        B        C        D        E       F      G
               +--------+--------+--------+--------+--------+-----+--------+
         Total |  12291 |  11805 |    486 |   2273 |   7317 |  13 |  945.5 |
       Dungeon |  10755 |  10269 |    486 |   1495 |   6990 |  11 |  977.7 |
        Bailey |    990 |    990 |      0 |    391 |    295 |   1 |  990.0 |
      Ice Cave |    545 |    545 |      0 |    387 |     32 |   1 |  545.0 |
               +--------+--------+--------+--------+--------+-----+--------+

Top non-repeatable levels by time:
     D:5: 1497 daAuts
     D:7: 1189 daAuts
     D:3: 1181 daAuts
     D:4: 1139 daAuts
     D:1: 1134 daAuts
  Bailey: 990 daAuts
     D:6: 984 daAuts
     D:8: 977 daAuts
    D:10: 935 daAuts
     D:9: 865 daAuts
     D:2: 804 daAuts
   IceCv: 545 daAuts
    D:11: 44 daAuts
